SL
LAS VEGAS FLAMINGOS @ ST. LOUIS COEUR
05/22/2041
 
TOP OF THE 1ST
Las Vegas Flamingos batting - Pitching for St. Louis Coeur : RHP Esteban Rodríguez
Pitching: RHP Esteban Rodríguez
Batting: LHB Dirk Horwedel 0-0: Ball
1-0: SOLO HOME RUN (Flyball, 9D, EV 98.1 MPH), Distance : 377 ft
Batting: LHB Cisco Hernández 0-0: Called Strike
0-1: Ball
1-1: Ball
2-1: Swinging Strike
2-2: SINGLE (Line Drive, 7S, EV 104.4 MPH)
Batting: LHB Chan-ho Shinn 0-0: Ball
1-0: Ball
2-0: Swinging Strike
2-1: Foul Ball, location: 2F
2-2: Ball
3-2: Base on Balls
Cisco Hernández to second
Batting: LHB Lewis N. Clark 0-0: Swinging Strike
0-1: Foul Ball, location: 2F
0-2: Ball
1-2: Foul Ball, location: 2F
1-2: Strikes out swinging
Batting: LHB Joo-Chan Park 0-0: Called Strike
0-1: Ball
1-1: Called Strike
1-2: Strikes out swinging
Batting: RHB Samual Kingman 0-0: Ball
1-0: Ball
2-0: Foul Ball, location: 2F
2-1: Foul Ball, location: 2F
2-2: SINGLE (Line Drive, 78S, EV 110.6 MPH)
Cisco Hernández to third
Chan-ho Shinn to second
Runner from 3rd tries for Home, SAFE, throw by LF to home
Batting: RHB Esteban León 0-0: Fly out, F6 (Popup, 56, EV 76.9 MPH)
Top of the 1st over - 2 runs, 3 hits, 0 errors, 2 left on base; Las Vegas 2 - St. Louis 0
BOTTOM OF THE 1ST
St. Louis Coeur batting - Pitching for Las Vegas Flamingos : RHP Kagetoki Matsubara
Pitching: RHP Kagetoki Matsubara
Batting: LHB Harry Cornelis 0-0: Called Strike
0-1: Ball
1-1: Fly out, F8 (Flyball, 8LS, EV 91.2 MPH)
Batting: RHB Jaime Soto 0-0: Foul Ball, location: 2F
0-1: Swinging Strike
0-2: Ball
1-2: Ball
2-2: Ball
3-2: Base on Balls
Batting: LHB Qing-nian Zexian 0-0: Ball
1-0: Called Strike
1-1: Called Strike
1-2: Foul Ball, location: 2F
1-2: Foul Ball, location: 2F
1-2: Ball
2-2: Foul Ball, location: 2F
2-2: Ball
3-2: 2-RUN HOME RUN (Flyball, 8LXD, EV 91.9 MPH), Distance : 487 ft
Batting: RHB Nobuhisa Murakami 0-0: Fly out, F7 (Line Drive, 7, EV 89.4 MPH)
Batting: RHB Joe Mueller 0-0: Ball
1-0: Ground out 1-3 (Groundball, 13, EV 60.6 MPH)
Bottom of the 1st over - 2 runs, 1 hit, 0 errors, 0 left on base; Las Vegas 2 - St. Louis 2
TOP OF THE 2ND
Las Vegas Flamingos batting - Pitching for St. Louis Coeur : RHP Esteban Rodríguez
Batting: RHB Sake van Arem 0-0: Ball
1-0: Ground out 5-3 (Groundball, 56, EV 81.2 MPH)
Batting: RHB Benjamin Blunsdon 0-0: Swinging Strike
0-1: Ball
1-1: Called Strike
1-2: Foul Ball, location: 2F
1-2: Ball
2-2: Foul Ball, location: 2F
2-2: Strikes out swinging
Batting: LHB Dirk Horwedel 0-0: Ball
1-0: Foul Ball, location: 2F
1-1: Ball
2-1: Ball
3-1: Base on Balls
Batting: LHB Cisco Hernández 0-0: Ball
1-0: Called Strike
1-1: Called Strike
1-2: Hit by Pitch
Dirk Horwedel to second
Batting: LHB Chan-ho Shinn 0-0: Ball
1-0: Ball
2-0: Called Strike
2-1: Called Strike
2-2: SINGLE (Line Drive, 78S, EV 95.6 MPH)
Dirk Horwedel to third
Cisco Hernández to second
Runner from 3rd tries for Home, SAFE, throw by LF to home
Batting: LHB Lewis N. Clark 0-0: Called Strike
0-1: 3-RUN HOME RUN (Flyball, 9LD, EV 99.4 MPH), Distance : 384 ft
Pitching: RHP Arturo Gramer
Batting: LHB Joo-Chan Park 0-0: Foul Ball, location: 2F
0-1: Ball
1-1: Ball
2-1: Ball
3-1: Foul Ball, location: 2F
3-2: Strikes out swinging, 2-3 out at first.
Top of the 2nd over - 4 runs, 2 hits, 0 errors, 0 left on base; Las Vegas 6 - St. Louis 2
BOTTOM OF THE 2ND
St. Louis Coeur batting - Pitching for Las Vegas Flamingos : RHP Kagetoki Matsubara
Batting: RHB Joel Iyiegbuniwe 0-0: Called Strike
0-1: Ground out 6-3 (Groundball, 6, EV 85.0 MPH)
Batting: RHB Ik-jun Cho 0-0: Called Strike
0-1: Swinging Strike
0-2: Ball
1-2: Strikes out swinging
Batting: RHB Chris McBride 0-0: Called Strike
0-1: Ball
1-1: Foul Ball, location: 2F
1-2: Ball
2-2: Strikes out swinging
Bottom of the 2nd over - 0 runs, 0 hits, 0 errors, 0 left on base; Las Vegas 6 - St. Louis 2
TOP OF THE 3RD
Las Vegas Flamingos batting - Pitching for St. Louis Coeur : RHP Arturo Gramer
Batting: RHB Samual Kingman 0-0: Foul Ball, location: 2F
0-1: Ball
1-1: Fly out, F9 (Flyball, 9S, EV 90.0 MPH)
Batting: RHB Esteban León 0-0: Ball
1-0: Called Strike
1-1: Foul Ball, location: 2F
1-2: Ground out 4-3 (Groundball, 4, EV 85.0 MPH)
Batting: RHB Sake van Arem 0-0: Called Strike
0-1: Ball
1-1: Ball
2-1: Fly out, F8 (Line Drive, 8LM, EV 91.2 MPH)
Top of the 3rd over - 0 runs, 0 hits, 0 errors, 0 left on base; Las Vegas 6 - St. Louis 2
BOTTOM OF THE 3RD
St. Louis Coeur batting - Pitching for Las Vegas Flamingos : RHP Kagetoki Matsubara
Batting: LHB Dae-ik Park 0-0: Called Strike
0-1: Swinging Strike
0-2: Ball
1-2: Foul Ball, location: 2F
1-2: Ball
2-2: Foul Ball, location: 2F
2-2: Foul Ball, location: 2F
2-2: Strikes out swinging
Batting: LHB Harry Cornelis 0-0: Called Strike
0-1: Ground out U3 (Groundball, 3, EV 80.6 MPH)
Batting: RHB Jaime Soto 0-0: Called Strike
0-1: Fly out, F9 (Flyball, 9LSF, EV 94.4 MPH)
Bottom of the 3rd over - 0 runs, 0 hits, 0 errors, 0 left on base; Las Vegas 6 - St. Louis 2
TOP OF THE 4TH
Las Vegas Flamingos batting - Pitching for St. Louis Coeur : RHP Arturo Gramer
Batting: RHB Benjamin Blunsdon 0-0: SOLO HOME RUN (Flyball, 8LXD, EV 111.2 MPH), Distance : 444 ft
Batting: LHB Dirk Horwedel 0-0: Called Strike
0-1: Ball
1-1: Ball
2-1: Ball
3-1: Foul Ball, location: 2F
3-2: SINGLE (Line Drive, 89S, EV 108.1 MPH)
Batting: LHB Cisco Hernández 0-0: Called Strike
0-1: Fly out, F4 (Line Drive, 4, EV 71.2 MPH)
Batting: LHB Chan-ho Shinn 0-0: Foul Ball, location: 2F
0-1: Ball
1-1: Ball
2-1: Foul Ball, location: 2F
2-2: Foul Ball, location: 2F
2-2: Strikes out swinging
Batting: LHB Lewis N. Clark 0-0: Ball
1-0: Called Strike
1-1: Ball
2-1: Ball
3-1: DOUBLE (Line Drive, 9LS, EV 97.5 MPH)
Dirk Horwedel to third
Runner from 3rd tries for Home, SAFE, throw by RF to trailing runner, SAFE at third!
Batting: LHB Joo-Chan Park 0-0: Foul Ball, location: 2F
0-1: Swinging Strike
0-2: Ball
1-2: Ground out U3 (Groundball, 3, EV 78.1 MPH)
Top of the 4th over - 2 runs, 3 hits, 0 errors, 1 left on base; Las Vegas 8 - St. Louis 2
BOTTOM OF THE 4TH
St. Louis Coeur batting - Pitching for Las Vegas Flamingos : RHP Kagetoki Matsubara
Batting: LHB Qing-nian Zexian 0-0: Ball
1-0: Foul Ball, location: 2F
1-1: Foul Ball, location: 2F
1-2: Ball
2-2: Ball
3-2: Foul Ball, location: 2F
3-2: Base on Balls
Batting: RHB Nobuhisa Murakami 0-0: Ball
1-0: Called Strike
1-1: Grounds into double play, 6-4-3 (Groundball, 56, EV 87.5 MPH)
Batting: RHB Joe Mueller 0-0: Fly out, F7 (Flyball, 7S, EV 86.9 MPH)
Bottom of the 4th over - 0 runs, 0 hits, 0 errors, 0 left on base; Las Vegas 8 - St. Louis 2
TOP OF THE 5TH
Las Vegas Flamingos batting - Pitching for St. Louis Coeur : RHP Arturo Gramer
Pitching: RHP Melvin Turner
Batting: RHB Samual Kingman 0-0: Called Strike
0-1: Foul Ball, location: 2F
0-2: Ground out 5-3 (Groundball, 56, EV 85.6 MPH)
Batting: RHB Esteban León 0-0: Ball
1-0: Foul Ball, location: 2F
1-1: Called Strike
1-2: Strikes out looking and he physically ARGUES THE CALL AND IS TOSSED!
Batting: RHB Sake van Arem 0-0: Called Strike
0-1: Called Strike
0-2: Ball
1-2: Strikes out swinging
Top of the 5th over - 0 runs, 0 hits, 0 errors, 0 left on base; Las Vegas 8 - St. Louis 2
BOTTOM OF THE 5TH
St. Louis Coeur batting - Pitching for Las Vegas Flamingos : RHP Kagetoki Matsubara
Now at 2B: Eric Deweese
Batting: RHB Joel Iyiegbuniwe 0-0: Fly out, F3 (Line Drive, 3, EV 76.9 MPH)
Batting: RHB Ik-jun Cho 0-0: Swinging Strike
0-1: Foul Ball, location: 2F
0-2: Ball
1-2: DOUBLE (Groundball, 5L, EV 106.9 MPH)
Batting: RHB Chris McBride 0-0: Foul Ball, location: 2F
0-1: Ball
1-1: Ball
2-1: Fly out, F4 (Line Drive, 4, EV 66.9 MPH)
Batting: LHB Dae-ik Park 0-0: Ball
1-0: Ground out 4-3 (Groundball, 4, EV 102.5 MPH)
Bottom of the 5th over - 0 runs, 1 hit, 0 errors, 1 left on base; Las Vegas 8 - St. Louis 2
TOP OF THE 6TH
Las Vegas Flamingos batting - Pitching for St. Louis Coeur : RHP Melvin Turner
Batting: RHB Benjamin Blunsdon 0-0: Ball
1-0: Foul Ball, location: 2F
1-1: Foul Ball, location: 2F
1-2: Ball
2-2: Foul Ball, location: 2F
2-2: Foul Ball, location: 2F
2-2: Ball
3-2: Foul Ball, location: 2F
3-2: Foul Ball, location: 2F
3-2: Base on Balls
Batting: LHB Dirk Horwedel 0-0: Called Strike
0-1: Ball
1-1: Foul Ball, location: 2F
1-2: Strikes out looking
Batting: LHB Cisco Hernández 0-0: Foul Ball, location: 2F
0-1: Fielders Choice at 2nd, 6-4 (Groundball, 56, EV 105.6 MPH)
Batting: LHB Chan-ho Shinn 0-0: Ball
1-0: Called Strike
1-1: Called Strike
1-2: Ball
2-2: Strikes out swinging
Top of the 6th over - 0 runs, 0 hits, 0 errors, 1 left on base; Las Vegas 8 - St. Louis 2
BOTTOM OF THE 6TH
St. Louis Coeur batting - Pitching for Las Vegas Flamingos : RHP Kagetoki Matsubara
Batting: LHB Harry Cornelis 0-0: Ball
1-0: Ground out 4-3 (Groundball, 4, EV 91.2 MPH)
Batting: RHB Jaime Soto 0-0: Foul Ball, location: 2F
0-1: Called Strike
0-2: Foul Ball, location: 2F
0-2: Strikes out swinging
Batting: LHB Qing-nian Zexian 0-0: Ball
1-0: Ball
2-0: Called Strike
2-1: SINGLE (Groundball, 56D, EV 104.4 MPH)
Batting: RHB Nobuhisa Murakami 0-0: Ball
1-0: Called Strike
1-1: Ground out 6-3 (Groundball, 6, EV 88.1 MPH)
Bottom of the 6th over - 0 runs, 1 hit, 0 errors, 1 left on base; Las Vegas 8 - St. Louis 2
TOP OF THE 7TH
Las Vegas Flamingos batting - Pitching for St. Louis Coeur : RHP Melvin Turner
Batting: LHB Lewis N. Clark 0-0: Ball
1-0: Called Strike
1-1: Ball
2-1: Swinging Strike
2-2: Foul Ball, location: 2F
2-2: Strikes out swinging
Batting: LHB Joo-Chan Park 0-0: Called Strike
0-1: Ball
1-1: Foul Ball, location: 2F
1-2: Ground out 5-3 (Groundball, 5, EV 90.6 MPH)
Batting: RHB Samual Kingman 0-0: SINGLE (Groundball, P, EV 61.2 MPH) (infield hit)
Batting: RHB Eric Deweese 0-0: Foul Ball, location: 2F
0-1: Fly out, F8 (Flyball, 89D, EV 98.1 MPH)
Top of the 7th over - 0 runs, 1 hit, 0 errors, 1 left on base; Las Vegas 8 - St. Louis 2
BOTTOM OF THE 7TH
St. Louis Coeur batting - Pitching for Las Vegas Flamingos : RHP Kagetoki Matsubara
Batting: RHB Joe Mueller 0-0: Ball
1-0: Fly out, F8 (Line Drive, 8LM, EV 95.6 MPH)
Batting: RHB Joel Iyiegbuniwe 0-0: Called Strike
0-1: Ball
1-1: SINGLE (Groundball, 4MD, EV 100.0 MPH)
Batting: RHB Ik-jun Cho 0-0: Ball
1-0: Ball
2-0: Ball
3-0: Called Strike
3-1: Base on Balls
Joel Iyiegbuniwe to second
Batting: RHB Chris McBride 0-0: Ball
1-0: Called Strike
1-1: Ball
2-1: Foul Ball, location: 2F
2-2: Grounds into double play, 5-4-3 (Groundball, 56S, EV 78.1 MPH)
Bottom of the 7th over - 0 runs, 1 hit, 0 errors, 1 left on base; Las Vegas 8 - St. Louis 2
TOP OF THE 8TH
Las Vegas Flamingos batting - Pitching for St. Louis Coeur : RHP Melvin Turner
Pitching: RHP Marcel Bloemheuvel
Batting: RHB Sake van Arem 0-0: Called Strike
0-1: Foul Ball, location: 2F
0-2: Ground out 5-3 (Groundball, 56, EV 83.8 MPH)
Batting: RHB Benjamin Blunsdon 0-0: Called Strike
0-1: Swinging Strike
0-2: Ball
1-2: Ball
2-2: Foul Ball, location: 2F
2-2: SINGLE (Line Drive, 89S, EV 101.9 MPH)
Batting: LHB Dirk Horwedel 0-0: Called Strike
0-1: Swinging Strike
0-2: Ball
1-2: Ball
2-2: Ball
3-2: Fly out, F8 (Flyball, 8RXD, EV 104.4 MPH)
Batting: LHB Cisco Hernández 0-0: Foul Ball, location: 2F
0-1: Ball
1-1: Ball
2-1: Ball
3-1: Foul Ball, location: 2F
3-2: Foul Ball, location: 2F
3-2: Foul Ball, location: 2F
3-2: Foul Ball, location: 2F
3-2: Ground out 5-3 (Groundball, 5, EV 108.1 MPH)
Top of the 8th over - 0 runs, 1 hit, 0 errors, 1 left on base; Las Vegas 8 - St. Louis 2
BOTTOM OF THE 8TH
St. Louis Coeur batting - Pitching for Las Vegas Flamingos : RHP Kagetoki Matsubara
Batting: LHB Dae-ik Park 0-0: Ground out 4-3 (Groundball, 4, EV 96.9 MPH)
Batting: LHB Harry Cornelis 0-0: Ball
1-0: Ball
2-0: Ball
3-0: Base on Balls
Pitching: RHP Pang Qin
Batting: RHB Jaime Soto Pickoff Throw to First - Out! 1-3
0-0: Called Strike
0-1: Ball
1-1: Ball
2-1: Ball
3-1: Called Strike
3-2: Foul Ball, location: 2F
3-2: Foul Ball, location: 2F
3-2: Base on Balls
Batting: LHB Qing-nian Zexian 0-0: Fly out, F9 (Flyball, 9, EV 82.5 MPH)
Bottom of the 8th over - 0 runs, 0 hits, 0 errors, 1 left on base; Las Vegas 8 - St. Louis 2
TOP OF THE 9TH
Las Vegas Flamingos batting - Pitching for St. Louis Coeur : RHP Marcel Bloemheuvel
Batting: LHB Chan-ho Shinn 0-0: Called Strike
0-1: Ball
1-1: Called Strike
1-2: Ball
2-2: Foul Ball, location: 2F
2-2: Strikes out swinging
Batting: LHB Lewis N. Clark 0-0: Called Strike
0-1: Called Strike
0-2: Strikes out swinging
Batting: LHB Joo-Chan Park 0-0: Ground out 3-1 (Groundball, 34, EV 105.6 MPH)
Top of the 9th over - 0 runs, 0 hits, 0 errors, 0 left on base; Las Vegas 8 - St. Louis 2
BOTTOM OF THE 9TH
St. Louis Coeur batting - Pitching for Las Vegas Flamingos : RHP Pang Qin
Batting: RHB Nobuhisa Murakami 0-0: DOUBLE (Flyball, 89XD, EV 97.5 MPH)
Batting: RHB Joe Mueller 0-0: Called Strike
0-1: Ball
1-1: Fly out, F7 (Flyball, 78S, EV 87.5 MPH)
Batting: RHB Joel Iyiegbuniwe 0-0: Swinging Strike
0-1: Swinging Strike
0-2: Hit by Pitch
Batting: RHB Ik-jun Cho 0-0: Fly out, F7 (Line Drive, 7, EV 100.0 MPH)
Batting: RHB Chris McBride 0-0: Ball
1-0: DOUBLE (Line Drive, 9LD, EV 109.4 MPH)
Nobuhisa Murakami scores
Joel Iyiegbuniwe to third
Batting: LHB Dae-ik Park 0-0: Ball
1-0: Called Strike
1-1: Called Strike
1-2: Ball
2-2: Foul Ball, location: 2F
2-2: Strikes out swinging
Bottom of the 9th over - 1 run, 2 hits, 0 errors, 2 left on base; Las Vegas 8 - St. Louis 3
Tuesday, January 5th, 2021 - OOTP Baseball 20.8 Build 74